 Dungeon Crawl Stone Soup version 0.30-a0-830-gfe289a77b0 (webtiles) character file.

Game seed: 18384884495517695870

740 cforsyth the Covert (level 8, -2/48 HPs)
             Began as a Kobold Brigand on Feb 28, 2023.
             Succumbed to a hornet's poison
             ... while paralysed by a hornet
             ... on level 5 of the Dungeon.
             The game lasted 00:05:32 (3615 turns).

cforsyth the Covert (Kobold Brigand)                Turns: 3615, Time: 00:05:32

Health: -2/48      AC:  3    Str:  8    XL:     8   Next: 5%
Magic:  8/8        EV:  3    Int: 12    God:
Gold:   189        SH:  0    Dex: 19    Spells: 7/7 levels left

rFire   . . .      SeeInvis .    a - +2 dagger
rCold   . . .      Faith    .    (no shield)
rNeg    . . .      Spirit   .    b - +0 robe
rPois   .          Reflect  .    (no helmet)
rElec   .          Harm     .    c - +0 cloak
rCorr   .          Rampage  .    (no gloves)
Will    .....                    (no boots)
Stlth   +++++                    (no amulet)
HPRegen 0.28/turn                (no ring)
MPRegen 0.11/turn                (no ring)

@: paralysed, mighty, lethally poisoned (-2 -> -12)
A: small, no large weapons, nightstalker 3
a: no special abilities


You were on level 5 of the Dungeon.
You visited 1 branch of the dungeon, and saw 5 of its levels.

You collected 189 gold pieces.

Inventory:

Hand Weapons
 a - a +2 dagger (weapon)
Missiles
 d - 16 poisoned darts (quivered)
 e - 3 curare-tipped darts
Armour
 b - a +0 robe (worn)
 c - a +0 cloak (worn)
Jewellery
 h - an amulet of reflection
 i - a ring of ice
 r - a ring of ice
 s - a ring of wizardry
Wands
 w - a wand of iceblast (25)
Scrolls
 f - a scroll of poison {unknown}
 k - a scroll of teleportation {unknown}
 n - a scroll of magic mapping {unknown}
 o - 2 scrolls of brand weapon
 p - a scroll of amnesia {unknown}
 q - a scroll of enchant weapon {unknown}
 x - a scroll of fog
 y - a scroll of immolation {unknown}
 A - a scroll of silence {unknown}
 C - a scroll of vulnerability {unknown}
 D - a scroll of fear {unknown}
Potions
 j - a potion of attraction {unknown}
 l - 3 potions of curing
 t - a potion of flight {unknown}
 v - a potion of ambrosia {unknown}


   Skills:
 + Level 4.9 Fighting
 + Level 6.0 Short Blades
 - Level 2.1 Throwing
 + Level 5.0 Dodging
 + Level 8.0 Stealth


You had 7 spell levels left.
You didn't know any spells.
Your spell library contained the following spells:

 Spells                   Type           Power      Damage    Failure   Level
 Kiss of Death            Conj/Necr      0%         2d5       32%         1
 Confusing Touch          Hex            0%         N/A       69%         3
 Ignite Poison            Fire/Tmut/Pois 0%         N/A       69%         3
 Dispel Undead            Necr           0%         3d6       97%         4
 Sticky Flame             Conj/Fire      0%         2d3       97%         4
 Ignition                 Fire           0%         3d3       100%        8


Dungeon Overview and Level Annotations

Branches:
Dungeon (5/15)
 Temple: D:4-7

Altars:


Innate Abilities, Weirdness & Mutations

You are small and have problems with some larger weapons.
You are completely attuned to the shadows.


Message History

The hornet completely misses you.
An adder comes into view.
You hit the hornet but do no damage.
The hornet is moderately wounded.
The hornet stings you.
You feel yourself slow down.
You are too injured to fight recklessly!
You feel much better.
You feel yourself speed up. The hornet closely misses you. x2
You hit the hornet but do no damage.
The hornet is moderately wounded.
The hornet stings you but does no damage.
You hit the hornet but do no damage.
The hornet is moderately wounded.
The hornet barely misses you.
You barely miss the hornet.
The hornet is moderately wounded.
The hornet stings you!
You feel yourself slow down.
You feel very mighty all of a sudden. The hornet misses you.
The hornet barely misses you.
You puncture the hornet!
The hornet is heavily wounded.
You feel yourself speed up. The hornet misses you. x2
You closely miss the hornet.
The hornet is heavily wounded.
The hornet barely misses you.
You puncture the hornet!
The hornet is almost dead.
The hornet stings you!
You are poisoned.
You suddenly lose the ability to move!
You feel very sick. The hornet stings you!
* * * LOW HITPOINT WARNING * * *
You feel yourself slow down. The hornet stings you!
* * * LOW HITPOINT WARNING * * *
You feel as though you will be slow longer.
You feel yourself speed up.
You die...

.. .# ##(#
#..# ##.#
#.@#
####y######
#...S§§§§..
#....§§§§..
####.§§§§..
##†####.
#.. #.# #.


You could see a hornet and an adder.

Vanquished Creatures
  An orc warrior (D:4)
  An ice beast (D:4)
  A black bear (D:5)
  An ogre (D:4)
  A phantom (D:4)
  An orc priest (D:4)
  3 hounds (D:4)
  An iguana (D:4)
  An orc wizard (D:4)
  4 adders
  A white imp (D:3)
  4 worms
  3 dart slugs
  An orc (D:4)
  8 endoplasms
  A giant cockroach (D:4)
  10 goblins
  7 hobgoblins
  9 jackals
  7 kobolds
  7 quokkas
  3 ball pythons
  3 bats
  4 frilled lizards
  5 rats
88 creatures vanquished.

Vanquished Creatures (others)
  2 plants (D:3)
2 creatures vanquished.

Grand Total: 90 creatures vanquished

Notes
Turn   | Place    | Note
-------+----------+-------------------------------------------
     0 | D:1      | cforsyth the Kobold Brigand began the quest for the Orb.
     0 | D:1      | Reached XP level 1. HP: 12/12 MP: 1/1
   262 | D:1      | Reached XP level 2. HP: 18/18 MP: 2/2
   519 | D:1      | Reached XP level 3. HP: 22/22 MP: 3/3
   602 | D:1      | Found a faded altar of an unknown god.
  1275 | D:2      | Reached XP level 4. HP: 27/27 MP: 4/4
  1475 | D:2      | Reached skill level 6 in Stealth
  2206 | D:3      | Reached XP level 5. HP: 5/32 MP: 5/5
  2886 | D:4      | Noticed an ice beast
  2890 | D:4      | Killed an ice beast
  2891 | D:4      | Reached XP level 6. HP: 38/38 MP: 6/6
  3101 | D:4      | Reached skill level 5 in Short Blades
  3101 | D:4      | Reached skill level 7 in Stealth
  3101 | D:4      | Reached XP level 7. HP: 25/43 MP: 7/7
  3576 | D:5      | Entered Level 5 of the Dungeon
  3580 | D:5      | Reached skill level 5 in Dodging
  3580 | D:5      | Reached skill level 8 in Stealth
  3580 | D:5      | Reached XP level 8. HP: 48/48 MP: 8/8
  3595 | D:5      | Noticed a hornet
  3613 | D:5      | Paralysed by a hornet for 3 turns
  3614 | D:5      | HP: 1/48 [hornet (7)]
  3615 | D:5      | Succumbed to a hornet's poison

Illustrated notes

Levels and vault maps discovered:
D:1:      amcnicky_arrival_gap_in_the_tavern_cellar, layout_loops_ring,
          dreamdust_ecumenical_altar_hidden_monk_grotto
D:2:      minmay_recursive_quarters, layout_basic, chequers_avenue
D:3:      layout_basic, serial_bayou_ford_a, nicolae_titane
D:4:      layout_cave_pools
D:5:      layout_rooms, minmay_temple_entry_glass

Skill      XL: |  1  2  3  4  5  6  7 |
---------------+----------------------+-----
Short Blades   | 3 4 5 6 |  6.0
Dodging        | 2 3 4 5 |  5.0
Fighting       | 3 4 |  4.9
Stealth        | 6 7 8 |  8.0
Throwing       | |  2.1

Action                     |  1- 3 |  4- 6 |  7- 9 || total
---------------------------+-------+-------+-------++-------
  Melee: Dagger            |    90 |   159 |    36 ||   285
         Punch             |     1 |       |     1 ||     2
    Use: Scroll            |       |       |     7 ||     7
         Potion            |       |       |     2 ||     2
   Stab: Sleeping          |    14 |    20 |    11 ||    45
 Armour: Robe              |    15 |    18 |     1 ||    34
  Dodge: Dodged            |    60 |    89 |    21 ||   170

Table legend: (Time is in decaauts)
 A = Elapsed time spent in this place.
 B = Non-inter-level travel time spent in this place.
 C = Inter-level travel time spent in this place.
 D = Time resting spent in this place.
 E = Time spent auto-exploring this place.
 F = Levels seen in this place.
 G = Mean time per level.
                   A        B        C        D        E       F      G
               +--------+--------+--------+--------+--------+-----+--------+
         Total |   3567 |   3468 |     99 |      0 |   2916 |   5 |  713.4 |
       Dungeon |   3567 |   3468 |     99 |      0 |   2916 |   5 |  713.4 |
               +--------+--------+--------+--------+--------+-----+--------+

Top non-repeatable levels by time:
     D:2: 1097 daAuts
     D:3: 990 daAuts
     D:1: 744 daAuts
     D:4: 699 daAuts
     D:5: 36 daAuts
